 Dungeon Crawl Stone Soup version 0.27-a0-1232-gc6a4cbde82 (webtiles) character file.

Game seed: 11316470755872554024

26835 ZappyNine the Bringer of Light (level 13, 0/141 HPs)
             Began as an Ogre Fighter on June 8, 2021.
             Was the Champion of the Shining One.
             Slain by an orc warrior
             ... wielding a +0 glaive
             ... led by an orc knight
              (18 damage)
             ... on level 15 of the Dungeon.
             The game lasted 00:24:02 (18530 turns).

ZappyNine the Bringer of Light (Ogre Fighter)      Turns: 18530, Time: 00:24:03

Health: 0/141      AC:  5    Str: 25    XL:     13   Next: 28%
Magic:  22/22      EV: 13    Int:  6    God:    the Shining One [******]
Gold:   618        SH:  5    Dex: 13    Spells: 12/12 levels left

rFire    + . .     SeeInvis +   o - +7 dire flail (elec)
rCold    . . .     Faith    .   (shield currently unavailable)
rNeg     + + +     Spirit   .   b - +0 robe
rPois    .         Reflect  +   f - +0 hat
rElec    .         Harm     .   d - +1 cloak
rCorr    .         Rampage  .   (gloves unavailable)
Will     +....                  (boots unavailable)
Stlth    +.........             n - amulet of reflection
HPRegen  0.33/turn              a - ring of Xybuthash {rN+ Int-3 Dex+3 SInv}
MPRegen  0.18/turn              (no ring)

@: glowing
A: large, unfitting armour, tough skin 1, fire resistance 1, sturdy frame 1
a: Renounce Religion, Divine Shield, Cleansing Flame, Summon Divine Warrior,
Brand Weapon With Holy Wrath


You were on level 15 of the Dungeon.
You worshipped the Shining One.
The Shining One was exalted by your worship.
You visited 2 branches of the dungeon, and saw 15 of its levels.
You also visited: Ossuary.

You collected 618 gold pieces.

Inventory:

Hand Weapons
 l - a +0 giant club
 o - a +7 dire flail of electrocution (weapon)
 t - a +2 flail of protection
 y - a +0 giant spiked club
Missiles
 i - 6 atropa-tipped darts
 A - 2 large rocks (quivered)
 F - a curare-tipped dart
Armour
 b - a +0 robe (worn)
 c - a +0 kite shield
 d - a +1 cloak (worn)
 f - a +0 hat (worn)
Jewellery
 a - the ring of Xybuthash (left hand) {rN+ Int-3 Dex+3 SInv}
   (You acquired it on level 6 of the Dungeon)

   [ring of positive energy]

   It affects your intelligence (-3).
   It affects your dexterity (+3).
   It protects you from negative energy.
   It lets you see invisible.
 n - an amulet of reflection (around neck)
 p - a ring of protection from fire
 w - an amulet of faith
Wands
 x - a wand of paralysis (12)
 B - a wand of iceblast (9)
 C - a wand of polymorph (28)
 D - a wand of digging (4)
 J - a wand of flame (25)
Scrolls
 h - a scroll of fear
 k - 4 scrolls of teleportation
 u - a scroll of blinking
 z - a scroll of fog
 E - a scroll of enchant weapon
 I - 3 scrolls of identify
 L - a scroll of brand weapon
Potions
 e - 6 potions of curing
 g - a potion of mutation
 j - 4 potions of lignification
 m - 11 potions of ambrosia
 q - 3 potions of cancellation
 r - a potion of resistance
 s - a potion of attraction
 v - a potion of haste
 G - 2 potions of brilliance
 K - 3 potions of flight
 M - a potion of magic
 N - a potion of might


   Skills:
 + Level 12.8 Fighting
 * Level 11.2 Maces & Flails
 * Level 9.6 Dodging
 - Level 2.6 Shields
 + Level 13.3 Invocations


You had 12 spell levels left.
You didn't know any spells.
Your spell library contained the following spells:

 Spells                   Type           Power      Damage    Failure   Level
 Beastly Appendage        Tmut           0%         N/A       45%         1
 Magic Dart               Conj           0%         1d3       45%         1
 Blink                    Tloc           N/A        N/A       58%         2
 Call Imp                 Summ           0%         N/A       58%         2
 Slow                     Hex            0%         N/A       58%         2
 Wereblood                Tmut           0%         N/A       58%         2
 Confusing Touch          Hex            0%         N/A       83%         3
 Conjure Flame            Conj/Fire      0%         6-21      83%         3
 Gell's Gravitas          Tloc           0%         N/A       83%         3
 Mephitic Cloud           Conj/Pois/Air  0%         N/A       83%         3
 Spider Form              Tmut/Pois      0%         N/A       83%         3
 Ice Form                 Ice/Tmut       0%         N/A       99%         4
 Petrify                  Tmut/Erth      0%         N/A       99%         4
 Hydra Form               Tmut           0%         N/A       100%        5
 Irradiate                Conj/Tmut      0%         3d14      100%        5
 Metabolic Englaciation   Hex/Ice        0%         N/A       100%        5
 Yara's Violent Unravell  Hex/Tmut       0%         3d3       100%        5
 Blade Hands              Tmut           0%         N/A       100%        6
 Statue Form              Tmut/Erth      0%         N/A       100%        6
 Dragon Form              Tmut           0%         N/A       100%        7


Dungeon Overview and Level Annotations

Branches:
Dungeon (13/15)            Temple (1/1) D:5            Lair (0/6) D:9
    Orc (0/2) D:9         Ossuary (visited)
 Vaults: D:13-14

Altars:
Ashenzari
Cheibriados
Dithmenos
Elyvilon
Fedhas
Gozag
Hepliaklqana
Kikubaaqudgha
Makhleb
Nemelex Xobeh
Okawaru
Qazlal
Ru
Sif Muna
Trog
Uskayaw
Vehumet
Wu Jian
Xom
Yredelemnul
Zin
The Shining One

Shops:
D:2 *

Portals:
Trove: D:12 (give 2 scrolls of acquirement)

Annotations:
D:7 2 transporters


Innate Abilities, Weirdness & Mutations

You are too large for most types of armour.
You have tough skin. (AC +1)
Your flesh is heat resistant. (rF+)
Your movements are slightly less encumbered by armour. (ER -2)


Message History

The orc warriors go into a battle-frenzy!
You hit the orc warrior.
The orc warrior is moderately wounded.
The orc warrior closely misses you.
The orc warrior hits you from afar with a +0 glaive!
You hit the orc warrior.
The orc warrior is heavily wounded.
The orc warrior hits you with a +0 short sword!
You impale the orc warrior!!
You kill the orc warrior!
The orc warrior misses you.
The cyclops throws a large rock.
The large rock hits you! The orc warrior barely misses you.
Items here: )) [[ †.
You puncture the cyclops!
The cyclops is moderately wounded.
The cyclops barely misses you. The orc warrior misses you.
You hit the cyclops but do no damage. Lightning courses through the cyclops!
The cyclops is heavily wounded.
The orc warrior hits you with a +0 glaive!
You are too injured to fight recklessly!
Unknown command.
The orc warrior hits you from afar with a +0 glaive!!
You see here a +0 mace.
You hit the cyclops. Lightning courses through the cyclops!
The cyclops is almost dead.
The cyclops closely misses you.
Unknown command.
Unknown command.
You sock the cyclops! Lightning courses through the cyclops!!
You kill the cyclops!
The orc knight unwields a +0 long sword.
The orc knight wields a +0 arbalest.
The orc knight shoots a bolt.
The bolt completely misses you.
The orc warrior hits you from afar with a +0 glaive!!!
* * * LOW HITPOINT WARNING * * *
Unknown command.
You feel better.
The orc warrior hits you from afar with a +0 glaive!!
You die...

..#.##.........#........#..#
..#.##.#######.#........#..#
#....# #..)..#....#..#
#....# #####.#.......# #####
#.........# #......... #####
#.........
......####.........
#..oo(@........#
#...o##........# #....
#........# ......<
..........
##################


You could see an orc knight and 2 orc warriors.

Vanquished Creatures
  4 boulder beetles
  3 centaur warriors
  6 two-headed ogres
  A tengu warrior (D:15)
  3 manticores
  3 ugly things
  2 cyclopes
  A gargoyle (D:13)
  An unseen horror (D:10)
  4 kobold demonologists
  A queen bee (D:10)
  3 meliai (D:15)
  3 trolls
  3 slime creatures (D:13)
  A wraith (D:13)
  13 yaks
  A hog (shapeshifter) (D:13)
  2 wyverns (D:9)
  4 shadows
  2 steam dragons
  4 vampire mosquitoes
  Edmund (D:5)
  2 acid dragons
  A water moccasin (D:7)
  Duvessa (D:7)
  6 orc warriors
  5 ice beasts
  A black bear (D:7)
  3 wolves (D:9)
  3 ogres
  6 centaurs
  A kobold brigand (D:8)
  An elf zombie (Ossuary)
  7 bullfrogs
  2 scorpions (D:5)
  2 gnoll sergeants
  A water moccasin zombie (D:5)
  Dowan (D:7)
  31 killer bees
  2 electric eels (D:9)
  15 wights
  3 howler monkeys
  4 centaur zombies
  Crazy Yiuf (D:2)
  3 human zombies (Ossuary)
  5 hounds
  A jelly (D:6)
  4 orc priests
  2 bullfrog skeletons
  4 iguanas
  3 orc wizards
  2 hound zombies (Ossuary)
  3 mummies (Ossuary)
  2 howler monkey zombies
  8 gnolls
  3 adders
  2 shadow imps
  A white imp (D:6)
  An ufetubus (D:5)
  3 adder zombies (Ossuary)
  2 worms
  4 dart slugs
  20 orcs
  6 endoplasms
  4 giant cockroaches
  3 gnoll zombies (Ossuary)
  6 goblins
  3 hobgoblins (D:2)
  7 jackals
  20 kobolds
  A quokka (D:1)
  7 ball pythons
  8 bats
  6 frilled lizards
  5 goblin zombies (Ossuary)
  4 hobgoblin zombies (Ossuary)
  4 jackal zombies (Ossuary)
  2 kobold zombies (Ossuary)
  2 orc zombies (Ossuary)
  3 quokka zombies (Ossuary)
  5 rats
  4 rat zombies (Ossuary)
338 creatures vanquished.

Vanquished Creatures (others)
  A vault guard (D:13)
1 creature vanquished.

Grand Total: 339 creatures vanquished

Notes
Turn   | Place    | Note
-------+----------+-------------------------------------------
     0 | D:1      | ZappyNine the Ogre Fighter began the quest for the Orb.
     0 | D:1      | Reached XP level 1. HP: 24/24 MP: 1/1
     6 | D:1      | Noticed a killer bee
     6 | D:1      | Noticed a salamander
     6 | D:1      | Noticed a hound
     6 | D:1      | Noticed an iguana
     6 | D:1      | Noticed a rime drake
    91 | D:1      | Reached XP level 2. HP: 21/32 MP: 2/2
   579 | D:1      | Reached XP level 3. HP: 23/40 MP: 3/3
  1522 | D:2      | Reached XP level 4. HP: 49/49 MP: 4/4
  1527 | D:2      | Found Nicwuk's Assorted Antiques.
  2052 | D:2      | Found a runed translucent door.
  2053 | D:2      | Noticed Crazy Yiuf
  2184 | D:2      | Killed Crazy Yiuf
  2185 | D:2      | Reached skill level 5 in Fighting
  2726 | D:3      | Found a sparkling altar of Nemelex Xobeh.
  3079 | D:3      | Reached XP level 5. HP: 55/57 MP: 5/5
  3291 | D:5      | Entered Level 5 of the Dungeon
  3303 | D:5      | Noticed an ice beast
  3312 | D:5      | Killed an ice beast
  3353 | D:5      | Reached XP level 6. HP: 54/67 MP: 6/6
  3762 | D:5      | Reached skill level 5 in Maces & Flails
  3768 | D:5      | Reached XP level 7. HP: 27/75 MP: 7/7
  4867 | D:5      | Found a staircase to the Ecumenical Temple.
  4978 | Temple   | Entered the Ecumenical Temple
  5171 | Temple   | Became a worshipper of the Shining One
  5329 | D:5      | Noticed Edmund
  5359 | D:5      | Killed Edmund
  5360 | D:5      | Reached XP level 8. HP: 54/87 MP: 8/8
  5967 | D:6      | Gained mutation: Your flesh is heat resistant. (rF+)
                  | [potion of mutation]
  5967 | D:6      | Gained mutation: Your movements are slightly less
                  | encumbered by armour. (ER -2) [potion of mutation]
  6006 | D:6      | Reached skill level 5 in Dodging
  6052 | D:6      | Identified a scroll of acquirement
  6052 | D:6      | Acquired the ring of Xybuthash {rN+ Int-3 Dex+3 SInv}
  6346 | D:6      | Reached * piety under the Shining One
  6501 | D:6      | Reached XP level 9. HP: 97/97 MP: 9/9
  6683 | D:6      | Found a white marble altar of Elyvilon.
  7102 | D:7      | Noticed a kobold demonologist
  7104 | D:7      | Noticed a troll
  7122 | D:7      | Found a transporter.
  7122 | D:7      | Noticed a troll
  7135 | D:7      | Noticed a brown ugly thing
  7155 | D:7      | Found a transporter.
  7161 | D:7      | Identified the +5 quarterstaff "Osagy" {elec, *Slow +Blink
                  | Stlth+}
  7254 | D:7      | Noticed Duvessa
  7254 | D:7      | Noticed Dowan
  7269 | D:7      | Killed Dowan
  7271 | D:7      | Killed Duvessa
  7395 | D:7      | Found a sand-covered staircase.
  7412 | Ossuary  | Entered an ossuary
  7441 | Ossuary  | Reached ** piety under the Shining One
  7505 | Ossuary  | Reached *** piety under the Shining One
  7607 | Ossuary  | Reached **** piety under the Shining One
  7789 | D:7      | Reached skill level 1 in Invocations
  7822 | D:7      | Reached skill level 2 in Invocations
  8017 | D:7      | Found a shimmering blue altar of Sif Muna.
  8329 | D:7      | Found a glowing silver altar of Zin.
  8330 | D:7      | Found an opulent altar of Gozag.
  8394 | D:8      | Noticed a two-headed ogre
  8410 | D:7      | Killed a two-headed ogre
  8411 | D:7      | Reached skill level 5 in Invocations
  8411 | D:7      | Reached XP level 10. HP: 62/107 MP: 7/14
  8613 | D:7      | Reached skill level 6 in Invocations
  8959 | D:8      | Found a hide-covered altar of Uskayaw.
  9260 | D:7      | Reached skill level 7 in Invocations
  9491 | D:8      | Reached skill level 8 in Invocations
  9653 | D:8      | Noticed a boulder beetle
  9678 | D:8      | Killed a boulder beetle
  9679 | D:8      | Reached skill level 9 in Invocations
  9917 | D:8      | Found a basalt altar of Yredelemnul.
  9918 | D:8      | Found an ornate altar of the Wu Jian Council.
  9918 | D:8      | Found an iron altar of Okawaru.
  9934 | D:8      | Reached skill level 10 in Invocations
  9945 | D:8      | Reached XP level 11. HP: 85/115 MP: 17/19
 10347 | D:9      | Reached skill level 11 in Invocations
 10376 | D:9      | Found a staircase to the Lair.
 10726 | D:9      | Identified the +1 short sword of Ojata {vorpal, rF- rC+
                  | Will+ Dex+4}
 10819 | D:9      | Found a hazy altar of Hepliaklqana.
 10884 | D:9      | Reached skill level 12 in Invocations
 11157 | D:9      | Found a staircase to the Orcish Mines.
 11197 | D:9      | Reached ***** piety under the Shining One
 11973 | D:10     | Entered Level 10 of the Dungeon
 12857 | D:10     | Noticed a two-headed ogre
 12868 | D:10     | Killed a two-headed ogre
 12869 | D:10     | Reached skill level 10 in Fighting
 13849 | D:11     | Noticed a two-headed ogre
 13857 | D:11     | Killed a two-headed ogre
 14022 | D:11     | Noticed a boulder beetle
 14031 | D:11     | Killed a boulder beetle
 14319 | D:11     | Noticed a centaur warrior
 14325 | D:11     | Killed a centaur warrior
 14326 | D:11     | Reached XP level 12. HP: 59/128 MP: 21/21
 14768 | D:11     | Reached skill level 10 in Maces & Flails
 15131 | D:12     | Noticed a two-headed ogre
 15138 | D:12     | Killed a two-headed ogre
 15171 | D:12     | Found a portal to a secret trove of treasure.
 15767 | D:12     | Noticed a two-headed ogre
 15780 | D:12     | Killed a two-headed ogre
 15993 | D:12     | Noticed a two-headed ogre
 16054 | D:12     | Killed a two-headed ogre
 16573 | D:12     | Noticed a boulder beetle
 16599 | D:12     | Killed a boulder beetle
 16681 | D:13     | Reached skill level 13 in Invocations
 17057 | D:13     | Noticed a boulder beetle
 17065 | D:13     | Killed a boulder beetle
 17119 | D:13     | Noticed a centaur warrior
 17125 | D:13     | Killed a centaur warrior
 17126 | D:13     | Reached XP level 13. HP: 95/141 MP: 22/22
 17410 | D:13     | Killed a vault guard
 17919 | D:13     | Found a shadowy altar of Dithmenos.
 18013 | D:13     | You fall into a shaft and drop 2 floors!
 18013 | D:15     | Entered Level 15 of the Dungeon
 18028 | D:15     | Reached ****** piety under the Shining One
 18530 | D:15     | Slain by an orc warrior

Illustrated notes

Levels and vault maps discovered:
D:1:      onia_arrival_zoo_common, layout_rooms, minmay_strange_pillars
D:2:      layout_basic, serial_shops, shop_fountains, minmay_circle_x,
          uniq_crazy_yiuf_cottage
D:3:      layout_loops_ring, general_overflow_altar
D:4:      kennysheep_goblin_castle, layout_basic, uniq_robin
D:5:      minmay_inner_zag, layout_rooms, minmay_temple_entry_mini_moons,
          serial_bayou_pond_a, uniq_edmund
D:6:      layout_basic, nicolae_overflow_crystal_walls
D:7:      gammafunk_the_bubble [the_bubble_gammafunk_grid], layout_loops_ring,
          grunt_temple_overflow_gold_and_silver,
          nicolae_sif_muna_little_library, enter_ossuary_1, uniq_duvessa
D:8:      layout_cave_pools, nicolae_uskayaw_murder_on_the_dancefloor,
          grunt_temple_overflow_open
D:9:      layout_basic, nzn_hepliaklqana_mist_gate, erik_lair_island
D:10:     layout_basic, special_room [special_room_bee], skrybe_limestone_x
D:11:     layout_basic
D:12:     layout_cave_pools, nicolae_trove_entry_crossroad,
          minmay_stone_trees_small
D:13:     layout_roguey, ximxim_vaults_locker_room, grunt_dithmenos_shadows
D:15:     grunt_enter_depths_giant_problem, layout_stronghold, uniq_agnes
Temple:   minmay_temple_bridge_abc

Skill      XL: |  1  2  3  4  5  6  7  8  9 10 11 12 13 |
---------------+----------------------------------------+-----
Maces & Flails | 2 3 4 5 6 7 8 9 10 11 | 11.2
Fighting       | 5 6 7 8 9 10 12 | 12.8
Dodging        | 3 4 5 6 7 9 |  9.6
Invocations    | 5 10 12 13 | 13.3
Shields        | |  2.6

Action                   |  1- 3 |  4- 6 |  7- 9 | 10-12 | 13-15 || total
-------------------------+-------+-------+-------+-------+-------++-------
Melee: Flail             |   139 |   161 |   140 |       |       ||   440
       Dire flail        |       |       |   129 |   419 |    66 ||   614
Throw: Dart              |       |       |       |     2 |       ||     2
       Large rock        |       |       |       |     1 |       ||     1
Invok: Divine Shield     |       |       |     1 |     3 |       ||     4
Evoke: Wand              |       |       |       |     1 |     3 ||     4
  Use: Scroll            |     5 |       |     8 |     4 |     8 ||    25
       Potion            |     2 |     2 |     4 |     3 |     1 ||    12
 Stab: Sleeping          |       |     1 |     1 |       |       ||     2
Armor: Robe              |    57 |    38 |    49 |    61 |    16 ||   221
       Skin              |       |       |     9 |       |       ||     9
Dodge: Dodged            |   109 |    57 |   112 |   193 |    42 ||   513
Block: Kite shield       |   100 |   101 |   108 |       |       ||   309
       Reflection        |       |     5 |     1 |     7 |     2 ||    15
       Other             |       |       |    21 |   115 |    17 ||   153

Table legend: (Time is in decaauts)
 A = Elapsed time spent in this place.
 B = Non-inter-level travel time spent in this place.
 C = Inter-level travel time spent in this place.
 D = Time resting spent in this place.
 E = Time spent auto-exploring this place.
 F = Levels seen in this place.
 G = Mean time per level.
                   A        B        C        D        E       F      G
               +--------+--------+--------+--------+--------+-----+--------+
         Total |  18651 |  18284 |    367 |   6726 |   8934 |  16 | 1165.7 |
       Dungeon |  18077 |  17733 |    344 |   6726 |   8509 |  14 | 1291.2 |
        Temple |    216 |    193 |     23 |      0 |    189 |   1 |  216.0 |
       Ossuary |    357 |    357 |      0 |      0 |    236 |   1 |  357.0 |
               +--------+--------+--------+--------+--------+-----+--------+

Top non-repeatable levels by time:
     D:5: 2107 daAuts
    D:11: 1894 daAuts
    D:10: 1862 daAuts
     D:7: 1745 daAuts
     D:9: 1734 daAuts
     D:6: 1427 daAuts
     D:2: 1354 daAuts
     D:1: 1239 daAuts
    D:12: 1134 daAuts
     D:8: 1125 daAuts
    D:13: 1115 daAuts
     D:3: 656 daAuts
    D:15: 509 daAuts
 Ossuary: 357 daAuts
  Temple: 216 daAuts
